[Event "Early-Titled-Tuesday-Blitz-April-23-2024"]
[Site "Chess.com"]
[Date "2024.04.23"]
[Round "6"]
[White "profedechess93"]
[Black "jbking07"]
[Result "1-0"]
[WhiteElo "2677"]
[BlackElo "2477"]
[TimeControl "180+1"]
[EndTime "9:04:16 PDT"]
[Termination "profedechess93 won by resignation"]

1. e4 c5 2. Nf3 d6 3. Bb5+ Bd7 4.
Bxd7+ Qxd7 5. O-O Nf6 6. Re1 e6 7. c3 Be7 8. d4 cxd4 9. cxd4 d5 10. e5 Ne4 11. Nbd2 Nxd2 12. Bxd2 O-O 13. Rc1 Nc6 14.
Rc3 Bb4 15. Rxc6 Bxd2 16. Rd6 Qxd6 17. exd6 Bxe1 18. Qxe1 Rad8 19. Qb4 b6 20. Ne5 f6 21. Nc6 Rd7 22. f4 Rc8 23. Ne7+ 1-0

[Event "Early-Titled-Tuesday-Blitz-April-23-2024"]
[Site "Chess.com"]
[Date "2024.04.23"]
[Round "6"]
[White "IwkooO"]
[Black "ATM622"]
[Result "1-0"]
[WhiteElo "2696"]
[BlackElo "2499"]
[TimeControl "180+1"]
[EndTime "9:04:19 PDT"]
[Termination "IwkooO won by resignation"]

1. e4 c6 2. d4 d5 3. e5 c5 4. dxc5 e6 5. Qg4 Qc7 6. Nf3 Nd7 7. Bb5 Qxc5 8. Nc3 Ne7 9. Be3 Qc7 10. Qg3 Nf5 11.
Qf4 Bb4 12. Qxb4 a6 13. Bd3 Nxe3 14. fxe3 Nxe5 15. Qf4 Nxf3+ 16. gxf3 Qb6 17. Qd4 Qxb2 18. Rb1 Qa3 19. Qxg7 Rf8 20. Rg1 Bd7 21. Rxb7 Rc8 22. Rb3 Qc1+ 23. Ke2 1-0

[Event "Early-Titled-Tuesday-Blitz-April-23-2024"]
[Site "Chess.com"]
[Date "2024.04.23"]
[Round "6"]
[White "bintang_top"]
[Black "Payyappat"]
[Result "1-0"]
[WhiteElo "2387"]
[BlackElo "2516"]
[TimeControl "180+1"]
[EndTime "9:04:36 PDT"]
[Termination "bintang_top won by resignation"]

1. d4 Nf6 2. Bf4 c5 3. c3 d5 4.
Nf3 Nc6 5. Nbd2 g6 6. h3 Bg7 7. e3 O-O 8. Bd3 Bf5 9. Bxf5 gxf5 10. Ne5 Ne4 11. g4 cxd4 12. exd4 Nxe5 13. Bxe5 Bxe5 14. dxe5 e6 15. gxf5 exf5 16. Qh5 Qd7 17. Nxe4 dxe4 18. Qh6 Kh8 19. Qf6+ 1-0

[Event "Early-Titled-Tuesday-Blitz-April-23-2024"]
[Site "Chess.com"]
[Date "2024.04.23"]
[Round "6"]
[White "ChristianArca"]
[Black "Sasha_Solovev_777"]
[Result "1-0"]
[WhiteElo "2640"]
[BlackElo "2242"]
[TimeControl "180+1"]
[EndTime "9:04:38 PDT"]
[Termination "ChristianArca won by resignation"]

1. d4 Nf6 2. c4 g6 3. Nc3 Bg7 4. e4 O-O 5. f4 d6 6. Nf3 c5 7. d5 Bg4 8. Bd3 e6 9. O-O exd5 10.
cxd5 Re8 11. h3 Bxf3 12. Qxf3 Nbd7 13. Kh1 a6 14. a4 Rb8 15. a5 Qc7 16. Ra4 b5 17.
axb6 Nxb6 18. Rxa6 c4 19. Bc2 Nfd7 20. Be3 Nc5 21. Ra2 Nxe4 22. Bxe4 1-0

[Event "Early-Titled-Tuesday-Blitz-April-23-2024"]
[Site "Chess.com"]
[Date "2024.04.23"]
[Round "6"]
[White "GMAneta"]
[Black "GambitGiesbergen"]
[Result "1-0"]
[WhiteElo "2499"]
[BlackElo "2315"]
[TimeControl "180+1"]
[EndTime "9:04:49 PDT"]
[Termination "GMAneta won by resignation"]

1. d4 Nf6 2. Nf3 g6 3. c4 Bg7 4. g3 O-O 5. Bg2 d6 6. O-O Nbd7 7. Nc3 e5 8. e4 c6 9. h3 Qb6 10. Re1 Re8 11. Re2 exd4 12. Nxd4 Ne5 13. b3 Bxh3 14.
Na4 Qxd4 15. Qxd4 Nd5 16. Qd1 Bxg2 17. Kxg2 Nb4 18. Bb2 Nbd3 19. Bxe5 Nxe5 20. Rc1 Rad8 21. Rcc2 Re6 22. Rcd2 Bh6 23. f4 Ng4 24. Nc5 Rf6 25.
Nxb7 Rb8 26. Nxd6 1-0

[Event "Early-Titled-Tuesday-Blitz-April-23-2024"]
[Site "Chess.com"]
[Date "2024.04.23"]
[Round "6"]
[White "RandomNoob04"]
[Black "Mikhail_Bryakin"]
[Result "1-0"]
[WhiteElo "2673"]
[BlackElo "2842"]
[TimeControl "180+1"]
[EndTime "9:04:52 PDT"]
[Termination "RandomNoob04 won by resignation"]

1. e4 d5 2. exd5 Nf6 3. c4 c6 4. d4 cxd5 5. Nc3 dxc4 6. Bxc4 e6 7. Nf3 Be7 8. O-O O-O 9. Re1 b6 10. d5 b5 11. Bxb5 exd5 12. Nd4 Bc5 13. Nb3 Bb6 14.
Bg5 Bb7 15. Qf3 Qd6 16. Bxf6 Qxf6 17. Qxf6 gxf6 18. Rad1 Re8 19. Rxe8+ 1-0

[Event "Early-Titled-Tuesday-Blitz-April-23-2024"]
[Site "Chess.com"]
[Date "2024.04.23"]
[Round "6"]
[White "ChessMA48"]
[Black "jraosam"]
[Result "1-0"]
[WhiteElo "2319"]
[BlackElo "1982"]
[TimeControl "180+1"]
[EndTime "9:04:55 PDT"]
[Termination "ChessMA48 won by resignation"]

1. d4 d5 2. Nf3 Nf6 3. c4 e6 4. Nc3 Be7 5. Bf4 O-O 6. e3 dxc4 7. Bxc4 a6 8. O-O b5 9. Bd3 Bb7 10. Qe2 c5 11. Rfd1 cxd4 12. Nxd4 Nd5 13. Nxd5 Qxd5 14. Nf3 Qh5 15. Rac1 Bf6 16. b3 Re8 17. Rc7 Re7 18.
Rdc1 g6 19. Rxe7 Bxe7 20. Rc7 Bxf3 21. Qxf3 Qxf3 22. gxf3 Kf8 23. Be4 Nc6 24. Bxc6 Rd8 25. Bh6+ Kg8 26. Rxe7 1-0

[Event "Early-Titled-Tuesday-Blitz-April-23-2024"]
[Site "Chess.com"]
[Date "2024.04.23"]
[Round "6"]
[White "artin10862"]
[Black "Kildepiotr"]
[Result "1-0"]
[WhiteElo "2930"]
[BlackElo "2710"]
[TimeControl "180+1"]
[EndTime "9:04:56 PDT"]
[Termination "artin10862 won by resignation"]

1. c4 g6 2. d4 Bg7 3. h4 h5 4.
Nc3 c6 5. e4 d5 6. e5 Nh6 7.
Bg5 Nf5 8. Nf3 Be6 9. cxd5 Bxd5 10. Nxd5 Qxd5 11. Be2 Nd7 12. O-O O-O 13. Qc2 Nb6 14.
Rfd1 Rfd8 15. a4 a5 16. Ra3 Rd7 17. Rb3 Nxa4 18. Bc4 1-0

[Event "Early-Titled-Tuesday-Blitz-April-23-2024"]
[Site "Chess.com"]
[Date "2024.04.23"]
[Round "6"]
[White "grantelgibbs"]
[Black "hmatyi07"]
[Result "0-1"]
[WhiteElo "1878"]
[BlackElo "2304"]
[TimeControl "180+1"]
[EndTime "9:05:18 PDT"]
[Termination "hmatyi07 won by resignation"]

1. e3 Nf6 2. b3 g6 3. Bb2 Bg7 4.
Nf3 O-O 5. c4 c5 6. Be2 Nc6 7.
d4 cxd4 8. Nxd4 d5 9. Nxc6 bxc6 10. O-O Bf5 11. Nc3 Ne4 12. Rc1 Nxc3 13. Bxc3 Bxc3 14. Rxc3 Qa5 15. Qd2 Rfd8 16. Qb2 Rab8 17. Rfc1 dxc4 18. Rxc4 Rd2 19. Qe5 Qxe5 0-1

[Event "Early-Titled-Tuesday-Blitz-April-23-2024"]
[Site "Chess.com"]
[Date "2024.04.23"]
[Round "6"]
[White "Der_Balak_3Halak"]
[Black "dianamirza"]
[Result "1-0"]
[WhiteElo "2448"]
[BlackElo "1994"]
[TimeControl "180+1"]
[EndTime "9:05:19 PDT"]
[Termination "Der_Balak_3Halak won by resignation"]

1. g3 d5 2. Bg2 c6 3. d3 g6 4. e4 Bg7 5. exd5 cxd5 6. Ne2 e5 7. O-O Ne7 8. Nbc3 Be6 9. Bg5 h6 10. Bxe7 Kxe7 11. f4 Re8 12. fxe5 Bxe5 13. d4 Bg7 14.
Nf4 Kf8 15. Nxe6+ Rxe6 16. Bxd5 Re7 17. Qf3 Bxd4+ 18. Kg2 f5 19. Bxb7 Re3 20. Qf4 Re4 21. Nxe4 1-0

[Event "Early-Titled-Tuesday-Blitz-April-23-2024"]
[Site "Chess.com"]
[Date "2024.04.23"]
[Round "6"]
[White "maciek_92"]
[Black "DumbKing75"]
[Result "1-0"]
[WhiteElo "2843"]
[BlackElo "2643"]
[TimeControl "180+1"]
[EndTime "9:05:35 PDT"]
[Termination "maciek_92 won by resignation"]

1. c4 Nf6 2. Nc3 g6 3. g3 Bg7 4. Bg2 O-O 5. e3 c5 6. Nge2 Nc6 7. d4 d6 8. O-O Bd7 9. b3 a6 10. dxc5 dxc5 11. Bb2 Rb8 12. Nf4 b5 13. Qe2 Na5 14.
cxb5 axb5 15. Rfd1 Qc8 16. Ncd5 Re8 17. Nxf6+ exf6 18. Qd2 Bg4 19. Qxa5 Bxd1 20. Rxd1 c4 21. Nd5 cxb3 22. axb3 Qc2 23. Qd2 Qxb3 24. Nxf6+ Bxf6 25. Bxf6 b4 26. Bd5 Qa4 27. Ra1 Qd7 28. Qd4 Rb5 29. Bh8 Kf8 30. Bg7+ Kg8 31. Bh6 1-0

[Event "Early-Titled-Tuesday-Blitz-April-23-2024"]
[Site "Chess.com"]
[Date "2024.04.23"]
[Round "6"]
[White "RedFirePanda"]
[Black "rikchessmx"]
[Result "1-0"]
[WhiteElo "2473"]
[BlackElo "2250"]
[TimeControl "180+1"]
[EndTime "9:05:39 PDT"]
[Termination "RedFirePanda won by resignation"]

1. d4 Nf6 2. Bf4 b6 3. Nf3 Bb7 4. e3 d6 5. h3 Nbd7 6. Be2 g6 7.
O-O Bg7 8. c3 O-O 9. Nbd2 Ne4 10. Nxe4 Bxe4 11. Nd2 Bb7 12. Bf3 c6 13. Re1 e5 14. dxe5 dxe5 15. Bh2 f5 16. Nc4 Qe7 17. Nd6 Nc5 18. Nxb7 Qxb7 19. b4 Nd7 20. Qa4 e4 21.
Be2 c5 22. Red1 Ne5 23. Bxe5 Bxe5 24. Rd7 Qc8 25. Rad1 a6 26. Qb3+ Kh8 27. Qe6 Bxc3 28.
Qe7 1-0

[Event "Early-Titled-Tuesday-Blitz-April-23-2024"]
[Site "Chess.com"]
[Date "2024.04.23"]
[Round "6"]
[White "Shiner22"]
[Black "Slovineanu"]
[Result "0-1"]
[WhiteElo "2320"]
[BlackElo "2501"]
[TimeControl "180+1"]
[EndTime "9:05:40 PDT"]
[Termination "Slovineanu won by resignation"]

1. e4 c6 2. d4 d5 3. exd5 cxd5 4.
c4 Nf6 5. Nc3 e6 6. Nf3 Bb4 7.
cxd5 Nxd5 8. Bd2 O-O 9. Bd3 b6 10. Qc2 h6 11. O-O Bb7 12. a3 Bd6 13. Rac1 Nd7 14. Be4 N7f6 15. Bd3 Rc8 16. Qb3 Bf4 17.
h3 Bxd2 18. Nxd2 Nf4 19. Nce4 Rxc1 20. Rxc1 Nxe4 21. Bxe4 Ne2+ 0-1

[Event "Early-Titled-Tuesday-Blitz-April-23-2024"]
[Site "Chess.com"]
[Date "2024.04.23"]
[Round "6"]
[White "Lady_Nika"]
[Black "average_trans"]
[Result "1-0"]
[WhiteElo "2464"]
[BlackElo "2220"]
[TimeControl "180+1"]
[EndTime "9:05:44 PDT"]
[Termination "Lady_Nika won by checkmate"]

1. g4 h5 2. g5 g6 3. h4 Bg7 4.
Bg2 Nc6 5. Nh3 b6 6. e3 Bb7 7.
d4 e6 8. O-O Qe7 9. f4 O-O-O 10. c3 f6 11. b4 e5 12. d5 Nb8 13. a4 exf4 14. exf4 fxg5 15. fxg5 d6 16. a5 Nd7 17. axb6 axb6 18. Nf4 Ne5 19. Ne6 Re8 20. Ra2 Ng4 21. Ra7 Be5 22. Qa4 Kb8 23. Bf4 Rh7 24. Bxe5 Nxe5 25. Nd2 Rf7 26. Ra1 Kc8 27. Qb5 Nd7 28. Rxb7 Kxb7 29. Qc6+ Kb8 30. Qxc7# 1-0

[Event "Early-Titled-Tuesday-Blitz-April-23-2024"]
[Site "Chess.com"]
[Date "2024.04.23"]
[Round "6"]
[White "adotand"]
[Black "tetrix83"]
[Result "0-1"]
[WhiteElo "2928"]
[BlackElo "2645"]
[TimeControl "180+1"]
[EndTime "9:05:46 PDT"]
[Termination "tetrix83 won by resignation"]

1. e4 c5 2. Nf3 e6 3. c3 Nf6 4. d3 Nc6 5. Nbd2 d5 6. Qe2 Qc7 7. g3 b6 8. Bg2 dxe4 9. Nxe4 Nxe4 10. dxe4 a5 11. e5 Ba6 12. Qe4 Rd8 13. Bf4 Be7 14. h4 Bd3 15. Qe3 O-O 16. O-O-O Nb4 17. b3 c4 18. Kb2 Nc2 19. Qd2 Ba3+ 20. Kb1 Bg6 21. Qxc2 cxb3 22. Qxg6 hxg6 23. Bd2 Qc4 24. Nd4 Rxd4 25. Bf1 bxa2+ 26. Ka1 Qb3 0-1

[Event "Early-Titled-Tuesday-Blitz-April-23-2024"]
[Site "Chess.com"]
[Date "2024.04.23"]
[Round "6"]
[White "Lily_Schirmbeck"]
[Black "NM_Antelacus"]
[Result "0-1"]
[WhiteElo "1558"]
[BlackElo "2266"]
[TimeControl "180+1"]
[EndTime "9:05:53 PDT"]
[Termination "NM_Antelacus won by resignation"]

1. e4 c5 2. Be2 Nc6 3. d3 g6 4.
f4 Bg7 5. Nf3 d6 6. c3 Nf6 7.
O-O O-O 8. Kh1 Rb8 9. Be3 b5 10. a3 a5 11. Nbd2 Qc7 12. g3 b4 13.
axb4 axb4 14. d4 Ng4 15. Bg1 cxd4 16. cxd4 Qb7 17. d5 Nd8 18. Qb3 Qd7 19. Ra7 Rb7 20. Rfa1 e6 21. Rxb7 Nxb7 22. Qxb4 exd5 23. exd5 Re8 24.
Bb5 Qd8 25. Bxe8 Qxe8 26. Re1 Qd8 27. Ne4 Bf5 28. Qxb7 Qa5 29. b4 Qa2 30. Qc8+ Bxc8 0-1

[Event "Early-Titled-Tuesday-Blitz-April-23-2024"]
[Site "Chess.com"]
[Date "2024.04.23"]
[Round "6"]
[White "azikom"]
[Black "mertfelin"]
[Result "1-0"]
[WhiteElo "2692"]
[BlackElo "2262"]
[TimeControl "180+1"]
[EndTime "9:06:02 PDT"]
[Termination "azikom won by resignation"]

1. e4 e5 2. Nc3 Nf6 3. Bc4 Nxe4 4. Qh5 Nd6 5. Qxe5+ Qe7 6. Qxe7+ Bxe7 7. Bb3 c6 8.
d4 Nf5 9. d5 O-O 10. Nf3 Re8 11. O-O a5 12. a4 Bb4 13. Bf4 d6 14. Rfe1 Rxe1+ 15. Rxe1 Bd7 16. g4 Nh6 17. h3 Na6 18.
Rd1 Nc5 19. dxc6 Bxc6 20. Nd4 Nxb3 21. cxb3 Bd7 22. Nd5 Re8 23. Nxb4 axb4 24. Bxd6 f5 25. g5 Nf7 26. Bf4 Re4 27. Bc1 Rh4 28. Nf3 1-0

[Event "Early-Titled-Tuesday-Blitz-April-23-2024"]
[Site "Chess.com"]
[Date "2024.04.23"]
[Round "6"]
[White "aljado"]
[Black "ImportedItalianMaple"]
[Result "0-1"]
[WhiteElo "2164"]
[BlackElo "2454"]
[TimeControl "180+1"]
[EndTime "9:06:03 PDT"]
[Termination "ImportedItalianMaple won by checkmate"]

1. e4 g6 2. d4 Bg7 3. Nc3 d6 4.
Nf3 a6 5. a4 b6 6. Bd3 Bb7 7. O-O Nd7 8. Be3 e6 9. Re1 h6 10. Qd2 Ne7 11. b4 Rc8 12. Ne2 c5 13. dxc5 dxc5 14. c3 cxb4 15. cxb4 Bxa1 16. Rxa1 g5 17.
Ng3 Ng6 18. Nh5 Nde5 19. Nxe5 Nxe5 20. Qb2 f6 21. Nxf6+ Qxf6 22. Bd4 O-O 23. Bxe5 Qg6 24. Bd6 Rfd8 25. Qe5 Kf7 26. Be2 Qxe4 27. Bh5+ Kg8 28. Qg3 Rxd6 29. Qxd6 Qxg2# 0-1

[Event "Early-Titled-Tuesday-Blitz-April-23-2024"]
[Site "Chess.com"]
[Date "2024.04.23"]
[Round "6"]
[White "Chernov_Alexander_A"]
[Black "Barmen_EV"]
[Result "0-1"]
[WhiteElo "2259"]
[BlackElo "2545"]
[TimeControl "180+1"]
[EndTime "9:06:03 PDT"]
[Termination "Barmen_EV won on time"]

1. d4 f5 2. Nc3 Nf6 3. Bg5 d5 4. e3 Be6 5. Bxf6 exf6 6. Bd3 Qd7 7. h4 Nc6 8. a3 h5 9. Nge2 g6 10. Nf4 Bf7 11. Qf3 O-O-O 12. b3 Kb8 13. g3 g5 14. Ng2 f4 15. gxf4 g4 16. Qd1 f5 17. Ne2 Bg7 18. Ng3 Bg6 19. c4 dxc4 20. bxc4 Nxd4 21.
exd4 Qxd4 22. Rb1 Qxd3 23. Qxd3 Rxd3 24. O-O Rxa3 25. Rfe1 Bd4 26. Re6 Rxg3 27. Rxg6 Rf3 28. Rd1 Bxf2+ 29. Kf1 Bc5+ 30. Ke2 Rf2+ 0-1

[Event "Early-Titled-Tuesday-Blitz-April-23-2024"]
[Site "Chess.com"]
[Date "2024.04.23"]
[Round "6"]
[White "AsselLesbekova"]
[Black "GelmanAlexander"]
[Result "0-1"]
[WhiteElo "2439"]
[BlackElo "2639"]
[TimeControl "180+1"]
[EndTime "9:06:05 PDT"]
[Termination "GelmanAlexander won by resignation"]

1. e4 c5 2. Nf3 e6 3. g3 Nc6 4. Bg2 Nf6 5. Nc3 d6 6. O-O Be7 7. d4 cxd4 8. Nxd4 Bd7 9. Re1 a6 10. Be3 O-O 11. a4 Rc8 12. h3 Ne5 13. Bf1 Nc4 14.
Bc1 Qc7 15. b3 Ne5 16. Bb2 Rfd8 17. f4 Ng6 18. a5 h5 19. Qd2 h4 20. g4 e5 21.
Nde2 Qc5+ 22. Kg2 Bc6 23. Kf3 d5 24. Nc1 dxe4+ 0-1

[Event "Early-Titled-Tuesday-Blitz-April-23-2024"]
[Site "Chess.com"]
[Date "2024.04.23"]
[Round "6"]
[White "Doublekk14"]
[Black "rdarruda"]
[Result "1-0"]
[WhiteElo "2379"]
[BlackElo "2521"]
[TimeControl "180+1"]
[EndTime "9:06:05 PDT"]
[Termination "Doublekk14 won by resignation"]

1. c4 Nf6 2. Nc3 e5 3. e3 Nc6 4. Nf3 d6 5. d3 Be7 6. Be2 O-O 7. O-O h6 8. h3 Bf5 9. e4 Be6 10. Nd5 Re8 11. Be3 Bf8 12. Qd2 Nd7 13. Nh2 Ne7 14.
Nxe7+ Bxe7 15. Bg4 Bxg4 16. Nxg4 Bf8 17. f4 f6 18. f5 c6 19. Rf3 d5 20. Rg3 Kh7 21. Nxh6 gxh6 22. Rg6 Bg7 23. Bxh6 Re7 24. Bxg7 1-0

[Event "Early-Titled-Tuesday-Blitz-April-23-2024"]
[Site "Chess.com"]
[Date "2024.04.23"]
[Round "6"]
[White "carokannlover213"]
[Black "KubaGepard"]
[Result "0-1"]
[WhiteElo "2783"]
[BlackElo "2609"]
[TimeControl "180+1"]
[EndTime "9:06:07 PDT"]
[Termination "KubaGepard won by resignation"]

1. Nf3 d5 2. e3 Nf6 3. c4 e6 4.
b3 Bd6 5. Bb2 O-O 6. Qc2 Re8 7.
Be2 c5 8. O-O Nc6 9. a3 d4 10.
exd4 cxd4 11. c5 Bc7 12. Bb5 e5 13. d3 Bd7 14. Bc4 Na5 15. Nbd2 Nxc4 16. Nxc4 Bc6 17. Nfd2 e4 18. dxe4 Nxe4 19. Nxe4 Bxe4 20. Qd1 Qh4 21.
h3 Re6 22. Qg4 Rg6 23. Qxg6 hxg6 24. Rae1 Qf4 25. g3 Qf3 26. Rxe4 Qxe4 27. Rd1 Rd8 0-1

[Event "Early-Titled-Tuesday-Blitz-April-23-2024"]
[Site "Chess.com"]
[Date "2024.04.23"]
[Round "6"]
[White "jefferyx"]
[Black "Byniolus"]
[Result "1-0"]
[WhiteElo "3104"]
[BlackElo "2838"]
[TimeControl "180+1"]
[EndTime "9:06:09 PDT"]
[Termination "jefferyx won by resignation"]

1. c4 c6 2. e4 d5 3. exd5 cxd5 4. d4 Nf6 5. Nc3 e6 6. Nf3 Bb4 7. cxd5 exd5 8. Bd3 O-O 9. O-O Bg4 10. h3 Bh5 11. Bg5 Bxc3 12. bxc3 Nbd7 13. c4 dxc4 14. Bxc4 Nb6 15. Bb3 h6 16. Bh4 Bxf3 17. Qxf3 Qxd4 18. Bxf6 Qxf6 19. Qxb7 a5 20. Rac1 Rfb8 21. Qe4 a4 22. Rc6 Qd8 23. Bc2 g6 24. Rxg6+ fxg6 25. Qxg6+ Kf8 26.
Qf5+ Kg7 27. Qh7+ Kf8 28. Qf5+ Kg7 29. Qg6+ Kf8 30. Qxh6+ Kf7 31. Bg6+ Kf6 32. Bh5+ Ke5 33. Re1+ 1-0

[Event "Early-Titled-Tuesday-Blitz-April-23-2024"]
[Site "Chess.com"]
[Date "2024.04.23"]
[Round "6"]
[White "sonicdravise"]
[Black "pasteta13"]
[Result "1-0"]
[WhiteElo "2605"]
[BlackElo "2416"]
[TimeControl "180+1"]
[EndTime "9:06:14 PDT"]
[Termination "sonicdravise won on time"]

1. Nf3 Nf6 2. c4 e6 3. b3 d5 4. e3 c5 5. Bb2 Nc6 6. cxd5 exd5 7. Nc3 Bg4 8. h3 Bh5 9. Be2 d4 10. exd4 cxd4 11. Nxd4 Nxd4 12. Bxh5 Nxh5 13. Qxh5 Nc2+ 14.
Kd1 Nxa1 15. Re1+ Be7 16. Nd5 O-O 17. Nxe7+ Kh8 18. Bxg7+ 1-0

[Event "Early-Titled-Tuesday-Blitz-April-23-2024"]
[Site "Chess.com"]
[Date "2024.04.23"]
[Round "6"]
[White "Airquake"]
[Black "Mops_2004"]
[Result "0-1"]
[WhiteElo "2664"]
[BlackElo "2893"]
[TimeControl "180+1"]
[EndTime "9:06:15 PDT"]
[Termination "Mops_2004 won on time"]

1. b3 d5 2. Bb2 c6 3. Nf3 Bf5 4. g3 h6 5. Bg2 e6 6. O-O Nf6 7. c4 Nbd7 8. d4 Bd6 9. Nbd2 Ne4 10. Nxe4 Bxe4 11. Nd2 Bxg2 12. Kxg2 f5 13. f3 f4 14. Qe1 Qg5 15. cxd5 exd5 16. e4 fxe3 17. f4 Qf5 18. Nf3 Qc2+ 19. Kg1 Qxb2 20. Qxe3+ Kd8 21.
Ne5 Kc7 22. Qd3 Rae8 23. a4 Bb4 24. Qc4 dxc4 0-1

[Event "Early-Titled-Tuesday-Blitz-April-23-2024"]
[Site "Chess.com"]
[Date "2024.04.23"]
[Round "6"]
[White "L4ncer"]
[Black "ELPRIMO0O0"]
[Result "1/2-1/2"]
[WhiteElo "2373"]
[BlackElo "2642"]
[TimeControl "180+1"]
[EndTime "9:06:15 PDT"]
[Termination "Game drawn by repetition"]

1. e4 c5 2. Nf3 Nc6 3. Bb5 g6 4. Bxc6 bxc6 5. O-O Bg7 6. e5 d6 7.
Re1 Bg4 8. h3 Bxf3 9. Qxf3 Bxe5 10. Qxc6+ Kf8 11. c3 Rc8 12. Qe4 Nf6 13. Qh4 d5 14. d4 cxd4 15. cxd4 Bd6 16. Bh6+ Kg8 17. Nc3 e6 18. Rac1 Bf8 19. Bxf8 Kxf8 20. Nb5 Kg7 21. Qf4 Qb6 22. Nc7 Qxb2 23. Nxe6+ fxe6 24. Rc7+ Rxc7 25. Qxc7+ Kh6 26. Qf4+ Kg7 27. Qc7+ Kh6 28. Qf4+ Kg7 29. Qc7+ 1/2-1/2

[Event "Early-Titled-Tuesday-Blitz-April-23-2024"]
[Site "Chess.com"]
[Date "2024.04.23"]
[Round "6"]
[White "carloseduar100"]
[Black "SmirnovTimofey2000"]
[Result "0-1"]
[WhiteElo "2210"]
[BlackElo "1989"]
[TimeControl "180+1"]
[EndTime "9:06:15 PDT"]
[Termination "SmirnovTimofey2000 won by resignation"]

1. g3 d5 2. Bg2 Bf5 3. Nf3 e6 4. O-O h6 5. d4 Nf6 6. Nbd2 Be7 7. c3 O-O 8. Re1 c6 9. Ne5 Nbd7 10. Nxd7 Qxd7 11. e4 dxe4 12. Nxe4 Nxe4 13. Bxe4 Bxe4 14. Rxe4 Qd5 15. Re5 Qd6 16. a4 Bf6 17. Re2 a5 18. b3 Rfd8 19. Qd3 Qd5 20. Bb2 Qxb3 21. h4 Bxd4 22.
Rd1 Bf6 23. Qxd8+ Rxd8 24. Rde1 Rd1 25. Bc1 Rxe1+ 26. Rxe1 Qxc3 27. Rd1 Qc2 28. Rf1 Qxa4 29. Be3 Bd4 30. Bf4 e5 31. Bc1 Qc2 32. Ba3 b5 33. Bd6 b4 34. Kg2 b3 35. Kh3 b2 36. f4 b1=Q 37.
Rf3 Qh1+ 0-1

[Event "Early-Titled-Tuesday-Blitz-April-23-2024"]
[Site "Chess.com"]
[Date "2024.04.23"]
[Round "6"]
[White "K_A_S_T_O_R"]
[Black "MVM2008"]
[Result "1-0"]
[WhiteElo "2855"]
[BlackElo "2515"]
[TimeControl "180+1"]
[EndTime "9:06:16 PDT"]
[Termination "K_A_S_T_O_R won by resignation"]

1. e4 e5 2. Nf3 Nf6 3. d3 Bc5 4. Be2 Nc6 5. O-O d6 6. c3 Bg4 7.
h3 Be6 8. d4 exd4 9. cxd4 Bb6 10. d5 Bxh3 11. gxh3 Nxe4 12. dxc6 bxc6 13. Qa4 Ng3 14. Qxc6+ Kf8 15. Re1 d5 16. Bd3 Rb8 17. Kg2 Nh5 18. Bg5 Qc8 19. Nc3 h6 20. Bd2 g5 21.
Ne5 Bxf2 22. Rf1 Nf4+ 23. Bxf4 gxf4 24. Nd7+ Ke7 25. Rae1+ Be3 26. Nxd5+ Kd8 27. Qf6+ Kxd7 28. Bf5+ 1-0

[Event "Early-Titled-Tuesday-Blitz-April-23-2024"]
[Site "Chess.com"]
[Date "2024.04.23"]
[Round "6"]
[White "wqws"]
[Black "CristianS27"]
[Result "0-1"]
[WhiteElo "2703"]
[BlackElo "2562"]
[TimeControl "180+1"]
[EndTime "9:06:16 PDT"]
[Termination "CristianS27 won by resignation"]

1. e4 e5 2. Nf3 Nc6 3. Bb5 a6 4. Ba4 Nf6 5. d3 b5 6. Bb3 Bc5 7. O-O d6 8. a4 Rb8 9. axb5 axb5 10. Nc3 h6 11. Nd5 O-O 12. c3 Nxd5 13. Bxd5 Ne7 14. Bb3 Ng6 15. d4 Bb6 16. h3 Qf6 17. Be3 Nf4 18.
Kh2 g5 19. Ng1 Be6 20. d5 Bd7 21. g3 Ng6 22. Bxb6 Rxb6 23. Ra7 Qd8 24. Qd2 Kg7 25. Bd1 Qb8 26. Ra1 Qb7 27. Bg4 f5 28. exf5 Bxf5 29. Bxf5 Rxf5 30. Ne2 Ra6 31. Qc2 Rxa1 32. Rxa1 Rxf2+ 33.
Kg1 Qb6 34. Kh1 Qe3 0-1

[Event "Early-Titled-Tuesday-Blitz-April-23-2024"]
[Site "Chess.com"]
[Date "2024.04.23"]
[Round "6"]
[White "BozeKat"]
[Black "BashirovKemal"]
[Result "0-1"]
[WhiteElo "2109"]
[BlackElo "2718"]
[TimeControl "180+1"]
[EndTime "9:06:16 PDT"]
[Termination "BashirovKemal won by resignation"]

1. d4 Nf6 2. c4 e6 3. Nf3 b6 4.
g3 Ba6 5. b3 Bb4+ 6. Bd2 Be7 7.
Bg2 c6 8. O-O O-O 9. Qc2 d5 10.
Bf4 Nbd7 11. Ne5 Nxe5 12. Bxe5 Nd7 13. Bf4 Bf6 14. Rd1 Rc8 15. Na3 Qe7 16. Qb2 e5 17.
dxe5 Nxe5 18. Qc1 dxc4 19. bxc4 Qc5 20. Be3 Qe7 21. Bd4 Rfd8 22. Bb2 Rxd1+ 23. Qxd1 Nf3+ 24.
Bxf3 Bxb2 25. Qa4 Qxa3 0-1

[Event "Early-Titled-Tuesday-Blitz-April-23-2024"]
[Site "Chess.com"]
[Date "2024.04.23"]
[Round "6"]
[White "amelia91"]
[Black "waltereador"]
[Result "0-1"]
[WhiteElo "2094"]
[BlackElo "2338"]
[TimeControl "180+1"]
[EndTime "9:06:17 PDT"]
[Termination "waltereador won by resignation"]

1. d4 e5 2. dxe5 Nc6 3. Nf3 Qe7 4. Bg5 Qc5 5. Bf4 Qb4+ 6. Bd2 Qe7 7. Nc3 Nxe5 8. e4 c6 9. Be2 d6 10. O-O Nf6 11. Nd4 Qc7 12. h3 Be7 13. f4 Ned7 14. Be3 O-O 15. Nf5 Nc5 16. Nxe7+ Qxe7 17. Bxc5 dxc5 18.
e5 Nd7 19. Ne4 Nb6 20. Bg4 Be6 21. f5 Bc4 22. f6 Qxe5 23. fxg7 Bxf1 24. gxf8=Q+ Rxf8 25. Qxf1 Qxe4 26. Qf6 Qd4+ 27. Qxd4 cxd4 28. Re1 f5 29.
Bf3 Rd8 30. Re7 Rd7 31. Re5 Nc4 32. b3 Nxe5 0-1

[Event "Early-Titled-Tuesday-Blitz-April-23-2024"]
[Site "Chess.com"]
[Date "2024.04.23"]
[Round "6"]
[White "dontcatchmeifyoucant"]
[Black "DanielNaroditsky"]
[Result "0-1"]
[WhiteElo "2369"]
[BlackElo "2995"]
[TimeControl "180+1"]
[EndTime "9:06:18 PDT"]
[Termination "DanielNaroditsky won by resignation"]

1. e4 c5 2. Nf3 d6 3. d4 cxd4 4. Nxd4 Nf6 5. f3 a6 6. c4 e5 7. Nc2 Be7 8. Nc3 O-O 9. Be3 Be6 10. Be2 Nbd7 11. O-O Rc8 12. Nd5 b5 13. Nxe7+ Qxe7 14. cxb5 axb5 15. Bxb5 d5 16. exd5 Nxd5 17. Bf2 Nf4 18. Ne3 Nc5 19. Qb1 Qg5 20. Kh1 Rfd8 21. Rd1 Rxd1+ 22. Qxd1 Rd8 23. Qc2 e4 24. fxe4 h5 25. Bf1 Ncd3 26. Bg3 h4 27. Bxf4 Qxf4 28. Bxd3 Qxe3 29. Bc4 Rd2 30. Qb3 Qf2 31. Rg1 h3 32. Qb8+ Kh7 33. Bf1 Rd1 34. Qg3 Rxf1 35. Qxf2 Rxf2 36.
gxh3 Rxb2 0-1

[Event "Early-Titled-Tuesday-Blitz-April-23-2024"]
[Site "Chess.com"]
[Date "2024.04.23"]
[Round "6"]
[White "noblerone"]
[Black "Kostukov_Alex"]
[Result "1-0"]
[WhiteElo "2517"]
[BlackElo "2343"]
[TimeControl "180+1"]
[EndTime "9:06:19 PDT"]
[Termination "noblerone won by resignation"]

1. d4 g6 2. Nf3 Bg7 3. Bg5 Nf6 4.
Nbd2 d5 5. e3 c5 6. Bd3 Kf8 7.
O-O c4 8. Be2 b5 9. c3 Nc6 10.
b3 a6 11. a4 Bf5 12. b4 h6 13. Bf4 g5 14. Be5 Nxe5 15. Nxe5 Nd7 16. f4 Nxe5 17. fxe5 e6 18. Bh5 Ke7 19. g4 Bg6 20. Bxg6 fxg6 21. Qc2 Rf8 22. Qxg6 1-0